 Dungeon Crawl Stone Soup version 0.32-a0-886-g41c5271027 (webtiles) character file.

Game seed: 18167837760258984607

136 jjones the Firebug (level 4, -4/35 HPs)
             Began as a Mountain Dwarf Fire Elementalist on Apr 2, 2024.
             Slain by a hobgoblin (5 damage)
             ... on level 2 of the Dungeon.
             The game lasted 00:30:28 (1903 turns).

jjones the Firebug (MDFE)                           Turns: 1903, Time: 00:30:29

Health: -4/35      AC:  6    Str: 11    XL:     4   Next: 98%
Magic:  1/7        EV:  9    Int: 17    God:
Gold:   118        SH:  0    Dex: 10    Spells: 5/8 levels left

rFire   . . .        g - +1 dagger (drain)
rCold   . . .        (no shield)
rNeg    . . .        j - +1 ring mail
rPois   .            (no helmet)
rElec   .            (no cloak)
rCorr   .            (no gloves)
SInv    .            (no boots)
Will    .....        l - amulet of the acrobat
Stlth   +            (no ring)
HPRegen 0.25/turn    (no ring)
MPRegen 0.10/turn

%: acrobat
@: very slightly contaminated
A: runic magic, artefact enchanting, mutation resistance 1
a: no special abilities


You were on level 2 of the Dungeon.
You visited 1 branch of the dungeon, and saw 2 of its levels.

You collected 118 gold pieces.

Inventory:

Hand Weapons
 c - a +0 dagger
 d - a +0 whip
 g - a +1 dagger of draining (weapon)
 o - a +0 short sword of venom
Missiles
 f - 16 stones
 h - 3 atropa-tipped darts
Armour
 a - a +0 robe
 e - a +0 robe
 j - a +1 ring mail (worn)
Magical Staves
 k - a staff of air
Jewellery
 l - an amulet of the acrobat (around neck)
Scrolls
 n - a scroll of amnesia
 p - a scroll of vulnerability {unknown}
Potions
 m - a potion of brilliance {unknown}


   Skills:
 + Level 1.3 Fighting
 + Level 0.4 Short Blades
 + Level 0.4 Maces & Flails
 + Level 1.3 Armour
 + Level 1.8 Dodging
 + Level 1.5 Stealth
 + Level 2.5 Spellcasting
 + Level 1.1 Conjurations
 + Level 4.9 Fire Magic


You had 5 spell levels left.
You knew the following spells:

 Your Spells              Type           Power      Damage    Failure   Level
a - Foxfire               Conj/Fire      48%        2x1d6     7%          1
b - Scorch                Fire           36%        2d6       4%          2

Your spell library contained the following spells:

 Spells                   Type           Power      Damage    Failure   Level
 Magic Dart               Conj           24%        1d4       14%         1
 Sting                    Conj/Alch      16%        1d4       19%         1
 Searing Ray              Conj           12%        2d4       22%         2
 Inner Flame              Hex/Fire       10%        N/A       24%         3
 Volatile Blastmotes      Fire/Tloc      20%        2d11      24%         3
 Flame Wave               Conj/Fire      12%        2d6       54%         4
 Fulminant Prism          Conj/Alch      2%         3d5       87%         4
 Plasma Beam              Fire/Air       5%         2x1d15    100%        6


Dungeon Overview and Level Annotations

Branches:
Dungeon (2/15)

Altars:

Annotations:
D:2 Robin


Innate Abilities, Weirdness & Mutations

Your spellcasting is much less encumbered by armour.
You can use scrolls of enchantment on lesser artefacts.
You are somewhat resistant to further mutation.


Message History

The hobgoblin is almost dead.
The hobgoblin hits you.
* * * LOW HITPOINT WARNING * * *
The goblin hits you with a +0 club.
* * * LOW HITPOINT WARNING * * *
The hobgoblin hits you but does no damage.
Robin barely misses you.
You hit the hobgoblin.
You kill the hobgoblin!
The hobgoblin completely misses you. The goblin misses you.
Robin closely misses you. The goblin closely misses you.
The hobgoblin hits you but does no damage.
Things that are here:
a +0 dagger; a hobgoblin corpse You barely miss the goblin.
The goblin closely misses you. The hobgoblin closely misses you.
Robin throws the goblin at you!
You closely miss the goblin. The goblin barely misses you.
The hobgoblin hits you.
* * * LOW HITPOINT WARNING * * *
Robin hits you but does no damage.
You hit the goblin.
The goblin is heavily wounded.
The goblin hits you but does no damage. The hobgoblin closely misses you.
Robin hits you but does no damage.
You barely miss the goblin.
The goblin is heavily wounded.
The hobgoblin closely misses you. The goblin hits you with a +0 club.
* * * LOW HITPOINT WARNING * * *
Robin misses you.
Casting: Scorch (safe; 4% risk of failure)
Confirm with . or Enter, or press ? or * to list all spells.
You miscast Foxfire.
You are very lightly contaminated with residual magic.
Nothing appears to happen.
The goblin no longer looks unusually strong.
The goblin hits you with a +0 club.
* * * LOW HITPOINT WARNING * * *
The hobgoblin hits you.
You die...

########## #.# ##........## #.#
#..#.~~....# #.#
#.##..⌠~...###.########.
#####.....~~...........)....
####...................!..)...g
..................†...#######..
...#.#...........g....##
...............g@g##......
.#...#.#..##...#))......##
...###.#..............###
.#.....#..##.......#..#
.#.#####..##..........# ##.#
#..####.#...#..#
##.#####..####.#...#..# #.# ..#
#..................#..# #.# ...#
##.###.#....##.....#..####.##...#


You could see Robin (very drained), a hobgoblin (strong) and a goblin.

Vanquished Creatures
  An orc priest (D:2)
  Terence (D:2)
  2 adders (D:2)
  A dart slug (D:2)
  2 orcs (D:2)
  3 endoplasms (D:1)
  A giant cockroach (D:2)
  13 goblins
  8 hobgoblins
  2 jackals (D:2)
  4 kobolds
  2 quokkas
  4 ball pythons (D:1)
  5 bats (D:1)
  A frilled lizard (D:1)
  8 rats
58 creatures vanquished.

Vanquished Creatures (others)
  43 foxfires
43 creatures vanquished.

Grand Total: 101 creatures vanquished

Notes
Turn   | Place    | Note
-------+----------+-------------------------------------------
     0 | D:1      | jjones the Mountain Dwarf Fire Elementalist began the quest
                  | for the Orb.
     0 | D:1      | Reached XP level 1. HP: 14/14 MP: 3/3
    70 | D:1      | Reached skill level 4 in Fire Magic
   193 | D:1      | Gained mutation: You are somewhat resistant to further
                  | mutation. [potion of mutation]
   248 | D:1      | Reached XP level 2. HP: 19/20 MP: 1/4
   884 | D:1      | Reached skill level 1 in Conjurations
   964 | D:1      | Reached XP level 3. HP: 24/26 MP: 4/6
   975 | D:1      | Learned a level 2 spell: Scorch
  1336 | D:2      | Reached skill level 1 in Armour
  1336 | D:2      | Reached XP level 4. HP: 28/33 MP: 1/7
  1610 | D:2      | Identified a scroll of acquirement
  1610 | D:2      | Acquired the Book of the Dragon and Striking
  1729 | D:2      | Noticed Terence
  1741 | D:2      | Killed Terence
  1842 | D:2      | Reached skill level 1 in Fighting
  1867 | D:2      | Noticed Robin
  1903 | D:2      | HP: 1/35 [goblin/+0 club[Robin] (3)]
  1903 | D:2      | Slain by a hobgoblin

Illustrated notes

Levels and vault maps discovered:
D:1:      roadster_arrival_rocket_small, layout_loops_corners,
          serial_park_tiny_1, minivault_14, minmay_misc_feat_x,
          minmay_pentomino_t2
D:2:      cheibrodos_pilgrimage, layout_basic, corexii_leaking_fountain,
          uniq_terence, uniq_robin

Skill      XL: |  1  2  3  4 |
---------------+-------------+-----
Fire Magic     | 4 |  4.9
Conjurations   | 1 |  1.1
Spellcasting   | 2 |  2.5
Armour         | 1 |  1.3
Fighting       | 1 |  1.3
Short Blades   | |  0.4
Maces & Flails | |  0.4
Dodging        | |  1.8
Stealth        | |  1.5

Action                     |  1- 3 |  4- 6 || total
---------------------------+-------+-------++-------
  Melee: Whip              |     5 |       ||     5
         Dagger            |    64 |    60 ||   124
  Throw: Dart              |     1 |       ||     1
   Cast: Foxfire           |    19 |    11 ||    30
         Scorch            |     1 |     5 ||     6
    Use: Potion            |     1 |     2 ||     3
         Scroll            |     2 |     4 ||     6
 Armour: Robe              |    12 |       ||    12
         Ring mail         |    46 |    87 ||   133
  Dodge: Dodged            |    35 |    53 ||    88

Table legend: (Time is in decaauts)
 A = Elapsed time spent in this place.
 B = Non-inter-level travel time spent in this place.
 C = Inter-level travel time spent in this place.
 D = Time resting spent in this place.
 E = Time spent auto-exploring this place.
 F = Levels seen in this place.
 G = Mean time per level.
                   A        B        C        D        E       F      G
               +--------+--------+--------+--------+--------+-----+--------+
         Total |   1900 |    632 |   1268 |    244 |      0 |   2 |  950.0 |
       Dungeon |   1900 |    632 |   1268 |    244 |      0 |   2 |  950.0 |
               +--------+--------+--------+--------+--------+-----+--------+

Top non-repeatable levels by time:
     D:1: 1235 daAuts
     D:2: 665 daAuts
